AoeStats
← per1993

Golden Pit

508222695Analyzed
1v1 RM · 12d ago on Sep 21, 2026· 33m 58s· 2 players
Game mode
Random Map
Map size
Tiny (2 player)
Population
200
Speed
Normal
Resources
Standard
Victory
Conquest
Starting age
Dark Age
Ending age
Imperial Age
RankedLock teamsTeams togetherTeam positionsShared explorationLock speedFull tech treeHidden civsTurbo modeCheats
Victory
Defeat
🇮🇳 Magyars · India
1010
+14
🇪🇸 Mongols · Spain
968
-14
per1993
11:15 Feudal Age
12:22 Horse Collar
12:36 Double-Bit Axe
14:12 Loom
18:13 Town Watch
23:10 Castle Age
23:27 Fletching
23:38 Padded Archer Armor
24:31 Wheelbarrow
23:40 Pikeman
23:48 Elite Skirmisher
24:45 Bow Saw
24:53 Gold Mining
25:30 Stone Mining
25:48 Scale Mail Armor
30:19 Squires
30:37 Leather Archer Armor
30:59 Heavy Plow
OrewaNabil
7:40 Loom
9:50 Feudal Age
12:06 Double-Bit Axe
13:03 Horse Collar
19:29 Castle Age
21:24 Bow Saw
21:46 Heavy Plow
22:34 Bloodlines
22:25 Husbandry
22:34 Scale Barding Armor
22:28 Light Cavalry
23:35 Chain Barding Armor
24:09 Wheelbarrow
23:54 Gold Mining
23:54 Stone Mining
24:34 Fletching
24:48 Padded Archer Armor
26:26 Hand Cart
27:12 Corvinian Army
28:19 Bodkin Arrow
29:44 Leather Archer Armor
33:53 Thumb Ring
Connection lost

Rejoining the realm…

Still unreachable

The connection could not be restored.

Session expired

The server has moved on; the page needs a fresh start.